 Dungeon Crawl Stone Soup version 0.32-a0-656-g3542139ebd (webtiles) character file.

Game seed: 18207707509151639138

363 gimp the Chopper (level 6, -4/53 HPs)
             Began as a Ghoul Gladiator on Mar 8, 2024.
             Slain by a gnoll
             ... wielding a +1 halberd of distortion
              (10 damage)
             ... on level 4 of the Dungeon.
             The game lasted 00:06:55 (2265 turns).

gimp the Chopper (Ghoul Gladiator)                  Turns: 2265, Time: 00:06:55

Health: -4/53      AC:  6    Str: 20    XL:     6   Next: 67%
Magic:  6/6        EV: 11    Int:  7    God:
Gold:   90         SH:  0    Dex: 10    Spells: 5/5 levels left

rFire   . . .        a - +0 war axe
rCold   + . .        (no shield)
rNeg    + + +        g - +0 ring mail
rPois   ∞            c - +0 helmet
rElec   .            (no cloak)
rCorr   .            (no gloves)
SInv    .            (no boots)
Will    .....        (no amulet) Stlth
                     (no ring)
HPRegen 0.00/turn    (no ring)
MPRegen 0.10/turn

%: no passive effects
@: inhibited regen
A: claws 1, cold resistance 1, negative energy resistance 3, inhibited
regeneration, torment resistance 2, devour on kill
a: no special abilities


You were on level 4 of the Dungeon.
You visited 1 branch of the dungeon, and saw 4 of its levels.

You collected 90 gold pieces.

Inventory:

Hand Weapons
 a - a +0 war axe (weapon)
Missiles
 e - a javelin
 i - 2 silver javelins
 m - 17 poisoned darts
Armour
 c - a +0 helmet (worn)
 g - a +0 ring mail (worn)
Wands
 o - a wand of polymorph (8)
Scrolls
 b - a scroll of acquirement {unknown}
 j - 2 scrolls of identify {unknown}
 k - a scroll of noise {unknown}
 l - a scroll of poison {unknown}
 p - a scroll of revelation {unknown}
Potions
 f - a potion of curing {unknown}
 h - a potion of magic {unknown}
 n - a potion of haste {unknown}


   Skills:
 + Level 4.7 Fighting
 * Level 5.6 Axes
 - Level 1.7 Throwing
 - Level 2.6 Dodging


You had 5 spell levels left.
You didn't know any spells.
Your spell library contained the following spells:

 Spells                   Type           Power      Damage    Failure   Level
 Static Discharge         Conj/Air       0%         3-3/arc   77%         2
 Summon Ice Beast         Ice/Summ       0%         N/A       94%         3
 Airstrike                Air            0%         2d(0-16)  100%        4
 Summon Lightning Spire   Summ/Air       0%         N/A       100%        4
 Summon Mana Viper        Hex/Summ       0%         N/A       100%        5
 Monstrous Menagerie      Summ           0%         N/A       100%        7


Dungeon Overview and Level Annotations

Branches:
Dungeon (4/15)
 Temple: D:4-7

Altars:
Cheibriados

Annotations:
D:4 Dowan, Duvessa


Innate Abilities, Weirdness & Mutations

You are immune to poison.
You have sharp fingernails.
Your flesh is cold resistant. (rC+)
You are immune to negative energy. (rN+++)
You do not regenerate when monsters are visible.
You are immune to unholy pain and torment.
You thrive by killing the living.


Message History

You barely miss Robin. Robin barely misses you.
You hit Robin but do no damage. Robin barely misses you.
You hit Robin.
Robin is moderately wounded.
Robin closely misses you.
You barely miss Robin.
Robin is moderately wounded.
Robin hits you with a +0 trident of flaming.
Robin burns you. Robin barely misses you.
You take 7 damage, and have 38/53 hp.
You hit Robin.
Robin is heavily wounded.
Robin hits you with a +0 trident of flaming.
Robin burns you.
You take 8 damage, and have 30/53 hp.
You slash Robin!
You kill Robin!
No target in view!
No target in view!
Things that are here:
a +0 trident of flaming; a +0 animal skin; a +0 helmet
Okay, then.
HP restored.
Dowan, Brother of Duvessa comes into view.
He is wielding a +0 dagger.
Dowan shouts!
Health restored: 53 Dowan is nearby!
Found a stone staircase leading down.
Duvessa, Sister of Dowan comes into view.
She is wielding a +0 short sword.
Dowan points at you and mumbles some strange words.
The puff of flame hits you!
You take 12 damage, and have 41/53 hp.
MASSIVE DAMAGE!!
Dowan smirks and points a slender finger.
There is a stone staircase leading up here.
Duvessa shouts!
You climb upwards.
There is a stone staircase leading down here.
Things that are here:
a +0 dagger; a +0 sling
There is a stone staircase leading down here.
You regained 7 hp, and now have 48/53 hp.
You climb downwards.
Level annotation: Dowan, Duvessa The gnoll shouts! x4
The endoplasm quivers.
The gnoll hits you with a +1 halberd of distortion!
Space warps horribly around you!!
* * * LOW HITPOINT WARNING * * *
Found 11 gold pieces and a silvery potion.
Found a stone staircase leading up.
There is a stone staircase leading up here.
You take 35 damage, and have 13/53 hp.
MASSIVE DAMAGE!!
Unknown command.
Unknown command.
Unknown command.
Unknown command.
Throw: 3 throwing nets
Press: ? - help, Q - select action, (/) - cycle Shift-Dir - straight line, f - gnoll
Aim: a gnoll, wielding a +1 halberd of distortion (58% to hit)
Okay, then.
Aiming: Polymorph
Press: ? - help, Shift-Dir - straight line, f - gnoll
Aim: a gnoll, wielding a +1 halberd of distortion (will become a hound, a bat, or a kobold, chance to affect: 57%)
Okay, then.
Unknown command.
Unknown command.
Throw: 3 throwing nets
Press: ? - help, Q - select action, (/) - cycle Shift-Dir - straight line, f - gnoll
Aim: a gnoll, wielding a +1 halberd of distortion (58% to hit)
You throw a throwing net.
The throwing net closely misses the gnoll.
The gnoll completely misses you.
Throw: 2 throwing nets
Press: ? - help, Q - select action, (/) - cycle Shift-Dir - straight line, f/p - gnoll
Aim: a gnoll, wielding a +1 halberd of distortion (58% to hit)
You throw a throwing net.
The throwing net closely misses the gnoll.
The gnoll closely misses you. The gnoll hits you with a +0 club.
* * * LOW HITPOINT WARNING * * *
You take 6 damage, and have 7/53 hp.
Throw: throwing net
Press: ? - help, Q - select action, (/) - cycle Shift-Dir - straight line, f/p - gnoll
Aim: a gnoll, wielding a +1 halberd of distortion (58% to hit)
You throw a throwing net.
The throwing net barely misses the gnoll.
The gnoll barely misses you. The gnoll closely misses you. x2
Unknown command.
Unknown command.
Okay, then.
Okay, then.
Unknown command.
Aiming: Polymorph
Press: ? - help, Shift-Dir - straight line, f - gnoll
Aim: a gnoll, wielding a +1 halberd of distortion (will become a hound, a bat, or a kobold, chance to affect: 57%)
The gnoll resists with significant effort.
The gnoll closely misses you.
The gnoll hits you with a +1 halberd of distortion.
* * * LOW HITPOINT WARNING * * *
Space warps horribly around you!
You die...

.... .. #...
<# ###...##.#
#...$....#
#......J.#
#........#
#........#
#(..g@..#
#....gg.#
#...g...#
#.......#
#.........
#..........
#........!..
#............


You could see 4 gnolls and an endoplasm.

Vanquished Creatures
  Grinder (D:3)
  A scorpion (D:3)
  Robin (D:4)
  3 adders
  A dart slug (D:3)
  9 bats
  5 endoplasms
  5 giant cockroaches
  16 goblins
  5 hobgoblins
  3 quokkas
  5 ball pythons
  5 frilled lizards
  11 kobolds
  5 rats
76 creatures vanquished.

Notes
Turn   | Place    | Note
-------+----------+-------------------------------------------
     0 | D:1      | gimp the Ghoul Gladiator began the quest for the Orb.
     0 | D:1      | Reached XP level 1. HP: 17/17 MP: 1/1
    76 | D:1      | Reached skill level 3 in Axes
    81 | D:1      | Reached XP level 2. HP: 20/25 MP: 2/2
   378 | D:1      | Reached XP level 3. HP: 30/30 MP: 3/3
   672 | D:2      | Found a snail-covered altar of Cheibriados.
   924 | D:3      | Reached XP level 4. HP: 38/38 MP: 4/4
   937 | D:3      | Noticed a scorpion
   948 | D:3      | Killed a scorpion
   949 | D:3      | Reached skill level 4 in Axes
   949 | D:3      | Reached XP level 5. HP: 38/46 MP: 5/5
  1019 | D:3      | Noticed Grinder
  1024 | D:3      | Paralysed by Grinder for 5 turns
  1045 | D:3      | Killed Grinder
  1046 | D:3      | Reached skill level 5 in Axes
  1046 | D:3      | Reached XP level 6. HP: 36/53 MP: 6/6
  1671 | D:3      | Found a faded altar of an unknown god.
  2002 | D:4      | Noticed Robin
  2145 | D:4      | Killed Robin
  2229 | D:4      | Noticed Dowan
  2230 | D:4      | Noticed Duvessa
  2265 | D:4      | Slain by a gnoll

Illustrated notes

Levels and vault maps discovered:
D:1:      reono_arrival_mine, layout_rooms
D:2:      layout_rooms, basic_altar
D:3:      layout_basic, hellmonk_ecumenical_altar_inner_sanctum, st_stairs_13,
          serial_bayou_ford_a, uniq_grinder
D:4:      layout_gridville, serial_shops, nicolae_diamond_shop,
          uniq_blork_the_orc, uniq_robin, uniq_duvessa

Skill      XL: |  1  2  3  4  5 |
---------------+----------------+-----
Axes           | 3 4 5 |  5.6
Fighting       | 3 4 |  4.7
Throwing       | |  1.7
Dodging        | |  2.6

Action                     |  1- 3 |  4- 6 || total
---------------------------+-------+-------++-------
  Melee: War axe           |   110 |    96 ||   206
  Throw: Throwing net      |       |     3 ||     3
  Evoke: Wand              |       |     1 ||     1
 Armour: Leather armour    |    21 |       ||    21
         Ring mail         |    69 |   107 ||   176
  Dodge: Dodged            |    79 |    78 ||   157

Table legend: (Time is in decaauts)
 A = Elapsed time spent in this place.
 B = Non-inter-level travel time spent in this place.
 C = Inter-level travel time spent in this place.
 D = Time resting spent in this place.
 E = Time spent auto-exploring this place.
 F = Levels seen in this place.
 G = Mean time per level.
                   A        B        C        D        E       F      G
               +--------+--------+--------+--------+--------+-----+--------+
         Total |   2330 |   2261 |     69 |     35 |   1643 |   4 |  582.5 |
       Dungeon |   2330 |   2261 |     69 |     35 |   1643 |   4 |  582.5 |
               +--------+--------+--------+--------+--------+-----+--------+

Top non-repeatable levels by time:
     D:3: 1261 daAuts
     D:1: 490 daAuts
     D:2: 458 daAuts
     D:4: 120 daAuts
